 Dungeon Crawl Stone Soup version 0.30-a0-799-g109b55a442 (webtiles) character file.

Game seed: 18062689093520812529

4 ryw the Trooper (level 1, 0/18 HPs)
             Began as a Demonspawn Monk on Feb 20, 2023.
             Slain by an adder (3 damage)
             ... on level 2 of the Dungeon.
             The game lasted 00:00:48 (448 turns).

ryw the Trooper (Demonspawn Monk)                    Turns: 448, Time: 00:00:49

Health: 0/18       AC:  2    Str: 11    XL:     1   Next: 50%
Magic:  1/1        EV: 13    Int:  9    God:
Gold:   13         SH:  0    Dex: 15    Spells: 0/0 levels left

rFire   . . .      SeeInvis .      - Unarmed
rCold   . . .      Faith    .    (no shield)
rNeg    . . .      Spirit   .    a - +0 robe
rPois   .          Reflect  .    (no helmet)
rElec   .          Harm     .    (no cloak)
rCorr   .          Rampage  .    (no gloves)
Will    .....                    (no boots)
Stlth   ++                       (no amulet)
HPRegen 0.23/turn                (no ring)
MPRegen 0.07/turn                (no ring)

@: no status effects
A: fangs 1, dopey 1
a: no special abilities


You were on level 2 of the Dungeon.
You visited 1 branch of the dungeon, and saw 2 of its levels.

You collected 13 gold pieces.

Inventory:

Missiles
 k - 4 boomerangs (quivered)
Armour
 a - a +0 robe (worn)
Jewellery
 e - an amulet of faith
Scrolls
 c - 2 scrolls of teleportation {unknown}
 d - a scroll of fog {unknown}
 h - a scroll of fear {unknown}
 i - a scroll of identify {unknown}
 j - a scroll of amnesia {unknown}
Potions
 g - a potion of mutation


   Skills:
 + Level 3.1 Fighting
 + Level 2.8 Dodging
 - Level 1.7 Stealth
 - Level 2.6 Unarmed Combat


You couldn't memorise any spells.
You didn't know any spells.
Your spell library contained the following spells:

 Spells                   Type           Power      Damage    Failure   Level
 Sandblast                Erth           0%         2d4       38%         1
 Ensorcelled Hibernation  Hex/Ice        0%         N/A       52%         2
 Passwall                 Tmut/Erth      0%         N/A       52%         2
 Stone Arrow              Conj/Erth      0%         3d7       77%         3
 Swiftness                Air            0%         N/A       77%         3


Dungeon Overview and Level Annotations

Branches:
Dungeon (1/15)

Altars:


Innate Abilities, Weirdness & Mutations

You have very sharp teeth.
You are dopey. (Int -2)


Message History

You are poisoned.
The adder poisons you!
It was a potion of mutation.
You feel extremely strange.
You feel stupid.
Your teeth lengthen and sharpen.
You feel sick. The adder misses you. x2
You hit the adder. You bite the adder, but do no damage.
The adder is severely wounded.
You feel sick. The adder completely misses you.
You hit the adder.
The adder is almost dead.
You feel sick. The adder barely misses you.
You miss the adder.
The adder is almost dead.
You feel sick. The adder misses you.
You barely miss the adder.
The adder is almost dead.
You feel sick. The adder barely misses you. The adder bites you.
* * * LOW HITPOINT WARNING * * *
You closely miss the adder.
The adder is almost dead.
You feel sick. The adder bites you but does no damage.
You miss the adder.
The adder is almost dead.
You feel sick.
You are no longer poisoned.
The adder bites you.
* * * LOW HITPOINT WARNING * * *
You miss the adder.
The adder is almost dead.
The adder closely misses you.
You hit the adder but do no damage. You bite the adder, but do no damage.
The adder is almost dead.
The adder misses you.
You hit the adder but do no damage. Your punch misses the adder.
The adder is almost dead.
The adder barely misses you.
You barely miss the adder.
The adder is almost dead.
The adder bites you.
You die...

#########
#####.......#
...##.......########
..................>#
...##.......######.#
...##..........###.#
...##...........@..#
...##........#.S##^#
...##...........##.#
...##..........###.#
....#.......#... ...
♣♣..#.......#......#
♣♣####♣♣...♣♣.#
♣.#♣♣♣<. ..


You could see an adder.

Vanquished Creatures
  2 endoplasms
  A giant cockroach (D:1)
3 creatures vanquished.

Vanquished Creatures (others)
  10 plants (D:2)
10 creatures vanquished.

Grand Total: 13 creatures vanquished

Notes
Turn   | Place    | Note
-------+----------+-------------------------------------------
     0 | D:1      | ryw the Demonspawn Monk began the quest for the Orb.
     0 | D:1      | Reached XP level 1. HP: 18/18 MP: 1/1
   341 | D:1      | You fall into a shaft and drop 1 floor!
   438 | D:2      | Gained mutation: You are dopey. (Int -2) [potion of
                  | mutation]
   438 | D:2      | Gained mutation: You have very sharp teeth. [potion of
                  | mutation]
   448 | D:2      | Slain by an adder

Illustrated notes

Levels and vault maps discovered:
D:1:      amcnicky_arrival_wind_blow, layout_loops_ring
D:2:      wad_woods_pond, layout_basic, basic_altar

Action                     || total
---------------------------++-------
  Melee: Unarmed           ||    31
         Bite              ||     2
    Use: Potion            ||     3
 Armour: Robe              ||     5
  Dodge: Dodged            ||    17

Table legend: (Time is in decaauts)
 A = Elapsed time spent in this place.
 B = Non-inter-level travel time spent in this place.
 C = Inter-level travel time spent in this place.
 D = Time resting spent in this place.
 E = Time spent auto-exploring this place.
 F = Levels seen in this place.
 G = Mean time per level.
                   A        B        C        D        E       F      G
               +--------+--------+--------+--------+--------+-----+--------+
         Total |    446 |    446 |      0 |     21 |    332 |   2 |  223.0 |
       Dungeon |    446 |    446 |      0 |     21 |    332 |   2 |  223.0 |
               +--------+--------+--------+--------+--------+-----+--------+

Top non-repeatable levels by time:
     D:1: 340 daAuts
     D:2: 105 daAuts
